 Dungeon Crawl Stone Soup version 0.29.0-13-gc9e81de378 (webtiles) character file.

Game seed: 17235051313243692316

380 sentinel the Digger (level 7, -4/50 HPs)
             Began as a Meteoran Earth Elementalist on Sept 9, 2022.
             Succumbed to Akransas's ghost's poison
             ... on level 6 of the Dungeon.
             The game lasted 00:03:09 (506 turns).

sentinel the Digger (Meteoran Earth Elementalist)    Turns: 506, Time: 00:03:09

Health: -4/50      AC:  2    Str: 11    XL:     7   Next: 26%
Magic:  9/14       EV: 13    Int: 18    God:
Gold:   0          SH:  0    Dex: 20    Spells: 8/14 levels left

rFire   x . .      SeeInvis .   (no weapon)
rCold   + . .      Faith    +   (no shield)
rNeg    . . .      Spirit   .   a - +0 robe
rPois   .          Reflect  .   (no helmet)
rElec   .          Harm     .   (no cloak)
rCorr   .          Rampage  .   (no gloves)
Will    .....                   (no boots)
Stlth   +.........              f - amulet of faith
HPRegen 0.16/turn               e - ring of ice
MPRegen 0.14/turn               g - +6 ring of dexterity

@: lethally poisoned (-4 -> -36), glowing
A: sense surroundings 1, otherworldly, glowing, explore regen
a: no special abilities


You were on level 6 of the Dungeon.
You visited 1 branch of the dungeon, and saw 6 of its levels.

Inventory:

Armour
 a - a +0 robe (worn)
Jewellery
 e - a ring of ice (left hand)
 f - an amulet of faith (around neck)
 g - a +6 ring of dexterity (right hand)
Scrolls
 r - 2 scrolls of identify
 z - a scroll of blinking
Potions
 c - 3 potions of curing {unknown}
 d - a potion of might
 h - 2 potions of brilliance {unknown}


   Skills:
 - Level 2.4 Dodging
 - Level 1.4 Stealth
 + Level 4.3 Spellcasting
 * Level 4.7 Conjurations
 - Level 1.2 Transmutations
 + Level 6.3 Earth Magic


You had 8 spell levels left.
You knew the following spells:

 Your Spells              Type           Power      Damage    Failure   Level
a - Sandblast             Erth           52%        2d12      1%          1
b - Stone Arrow           Conj/Erth      46%        3d9       4%          3
c - Passwall              Tmut/Erth      14%        N/A       4%          2

Your spell library contained the following spells:

 Spells                   Type           Power      Damage    Failure   Level
 Slow                     Hex            12%        N/A       14%         1
 Petrify                  Tmut/Erth      17%        N/A       30%         4
 Confusing Touch          Hex            3%         N/A       38%         3
 Vampiric Draining        Necr           3%         2d6       38%         3


Dungeon Overview and Level Annotations

Branches:
Dungeon (6/15) Zot: 3070   Temple (0/1) D:6

Altars:
Makhleb

Annotations:
D:6 Akransas's ghost, novice BaMo


Innate Abilities, Weirdness & Mutations

You passively map a small area around you.
You are easily found by Zot.
You glow in the dark.
You regain HP and MP as you explore.


Message History

Aiming: Stone Arrow (dangerous; 6% risk of failure)
Press: ? - help, Shift-Dir - straight line, f/p - ogre
Aim: an ogre, wielding a +0 giant spiked club (heavily wounded, 86% to hit)
The stone arrow misses the ogre.
Casting: Stone Arrow (dangerous; 6% risk of failure)
Confirm with . or Enter, or press ? or * to list all spells.
Aiming: Stone Arrow (dangerous; 6% risk of failure)
Press: ? - help, Shift-Dir - straight line, f/p - ogre
Aim: an ogre, wielding a +0 giant spiked club (heavily wounded, 86% to hit)
The stone arrow hits the ogre!
The ogre is almost dead.
The blast of sand hits the ogre!!
You kill the ogre!
Your Spellcasting skill increases to level 4!
Your Conjurations skill increases to level 4!
Your Earth Magic skill increases to level 6!
There is a stone staircase leading up here.
You see here a +0 giant spiked club.
You climb upwards.
HP restored.
The orc shouts!
You hear a shout!
There is a stone staircase leading down here.
Casting: Sandblast (safe; 1% risk of failure)
Confirm with . or Enter, or press ? or * to list all spells.
Aiming: Stone Arrow (dangerous; 5% risk of failure)
Press: ? - help, Shift-Dir - straight line, f - black bear
Aim: a black bear (wandering, hasn't noticed you, 79% to hit)
The stone arrow hits the black bear!
The black bear is heavily wounded.
The black bear growls angrily.
An orc comes into view. It is wielding a +0 dagger.
The blast of sand hits the black bear!
You kill the black bear!
A quokka comes into view.
You have reached level 7!
The blast of sand hits the quokka!
You kill the quokka!
The blast of sand hits the orc!
You kill the orc!
Okay, then.
You are out of magic!
You are out of magic!
You climb downwards.
Level annotation: Akransas's ghost, novice BaMo
There is a stone staircase leading up here.
You see here a +0 giant spiked club.
Found a scroll of identify.
r - a scroll of identify Magic restored.
Unknown command.
Found a book of Debilitation.
Found a scroll of identify.
You pick up a book of Debilitation and begin reading...
You add the spells Slow, Vampiric Draining and Confusing Touch to your library.
Found 11 gold pieces.
Found a stone staircase leading down.
Found a staircase to the Ecumenical Temple.
r - 2 scrolls of identify (gained 1)
Found a fizzy dark potion.
c - 3 fizzy dark potions (gained 1) Unknown command.
Found a runed translucent door.
Akransas's ghost turns its malevolent gaze towards you.
Found a fizzy silvery potion.
Akransas's ghost shrieks, "You must not succeed where I failed!"
Akransas's ghost whispers, "Meet the emptiness of death!"
You open the door.
Casting: Sandblast (safe; 1% risk of failure)
Confirm with . or Enter, or press ? or * to list all spells.
Aiming: Stone Arrow (dangerous; 4% risk of failure)
Press: ? - help, Shift-Dir - straight line, f - Akransas's ghost
Aim: Akransas's ghost, wielding a weapon of venom (68% to hit)
The stone arrow misses Akransas's ghost.
Akransas's ghost hits you.
You are poisoned.
Casting: Stone Arrow (dangerous; 4% risk of failure)
Confirm with . or Enter, or press ? or * to list all spells.
Aiming: Stone Arrow (dangerous; 4% risk of failure)
Press: ? - help, Shift-Dir - straight line, f/p - Akransas's ghost
Aim: Akransas's ghost, wielding a weapon of venom (68% to hit)
The stone arrow hits Akransas's ghost!
Akransas's ghost is moderately damaged.
You feel sick. Akransas's ghost closely misses you.
Casting: Stone Arrow (dangerous; 4% risk of failure)
Confirm with . or Enter, or press ? or * to list all spells.
Aiming: Stone Arrow (dangerous; 4% risk of failure)
Press: ? - help, Shift-Dir - straight line, f/p - Akransas's ghost
Aim: Akransas's ghost, wielding a weapon of venom (moderately damaged, 68% to hit)
The stone arrow hits Akransas's ghost!
Akransas's ghost is heavily damaged.
You feel sick. Akransas's ghost closely misses you.
Casting: Stone Arrow (dangerous; 4% risk of failure)
Confirm with . or Enter, or press ? or * to list all spells.
Aiming: Stone Arrow (dangerous; 4% risk of failure)
Press: ? - help, Shift-Dir - straight line, f/p - Akransas's ghost
Aim: Akransas's ghost, wielding a weapon of venom (heavily damaged, 68% to hit)
The stone arrow hits Akransas's ghost.
Akransas's ghost is heavily damaged.
You feel sick. Akransas's ghost hits you.
You are more poisoned.
Casting: Stone Arrow (dangerous; 4% risk of failure)
Confirm with . or Enter, or press ? or * to list all spells.
You don't have enough magic to cast this spell.
Unknown command.
Casting: Stone Arrow (dangerous; 4% risk of failure)
Confirm with . or Enter, or press ? or * to list all spells.
Aiming: Sandblast (safe; 1% risk of failure)
Press: ? - help, Shift-Dir - straight line, f/p - Akransas's ghost
Aim: Akransas's ghost, wielding a weapon of venom (heavily damaged, 81% to hit)
The blast of sand hits Akransas's ghost but does no damage.
Akransas's ghost is heavily damaged.
You feel very sick. Akransas's ghost hits you!
You are more poisoned.
Casting: Sandblast (safe; 1% risk of failure)
Confirm with . or Enter, or press ? or * to list all spells.
Aiming: Sandblast (safe; 1% risk of failure)
Press: ? - help, Shift-Dir - straight line, f/p - Akransas's ghost
Aim: Akransas's ghost, wielding a weapon of venom (heavily damaged, 81% to hit)
The blast of sand hits Akransas's ghost.
Akransas's ghost is heavily damaged.
You feel very sick. Akransas's ghost hits you.
You are lethally poisoned!
Akransas's ghost closely misses you. Magic courses through your body.
* * * LOW HITPOINT WARNING * * *
You feel very sick. Akransas's ghost hits you.
* * * LOW HITPOINT WARNING * * *
You are more poisoned.
Casting: Sandblast (safe; 1% risk of failure)
Confirm with . or Enter, or press ? or * to list all spells.
Aiming: Stone Arrow (dangerous; 4% risk of failure)
Press: ? - help, Shift-Dir - straight line, f/p - Akransas's ghost
Aim: Akransas's ghost, wielding a weapon of venom (heavily damaged, 68% to hit)
The stone arrow hits Akransas's ghost!!
Akransas's ghost is almost destroyed.
* * * LOW HITPOINT WARNING * * *
You feel very sick. Akransas's ghost hits you.
* * * LOW HITPOINT WARNING * * *
You are more poisoned.
HP warning!
Casting: Stone Arrow (dangerous; 4% risk of failure)
Confirm with . or Enter, or press ? or * to list all spells.
Aiming: Stone Arrow (dangerous; 4% risk of failure)
Press: ? - help, Shift-Dir - straight line, f/p - Akransas's ghost
Aim: Akransas's ghost, wielding a weapon of venom (almost destroyed, 68% to hit)
The stone arrow hits Akransas's ghost!
Akransas's ghost is almost destroyed.
You die...

###....., ...
,......###..# #.# *.#
#..#$#.....##.# #.###
#..#........#.# ....
#..#...###....##..# *
#.....##⌠##.......# *
####....##...##....#.###
..<....##..?..##........
.$.....#⌠.?♣...W@..#,,
###.#..##..!..##..!#*
#.....##...##....# ,
####...##⌠##...#.# ,
##...###...##.#
#.........# .#
#.......#.#*,#
#.#######.# ,,, #.#
#.#*, * *


You could see Akransas's ghost.

Vanquished Creatures
  A black bear (D:5)
  An ogre (D:6)
  A bullfrog (D:6)
  2 hounds
  2 orc wizards
  An adder (D:6)
  A white imp (D:6)
  8 orcs
  A bat (D:3)
  2 quokkas
  3 rats
23 creatures vanquished.

Notes
Turn   | Place    | Note
-------+----------+-------------------------------------------
     0 | D:1      | sentinel the Meteoran Earth Elementalist began the quest
                  | for the Orb.
     0 | D:1      | Reached XP level 1. HP: 14/14 MP: 5/5
   162 | D:2      | Reached skill level 4 in Earth Magic
   173 | D:3      | Reached XP level 2. HP: 20/20 MP: 4/6
   178 | D:3      | Learned a level 2 spell: Passwall
   199 | D:5      | Entered Level 5 of the Dungeon
   199 | D:5      | Noticed a hound
   205 | D:5      | Killed a hound
   206 | D:5      | Reached skill level 5 in Earth Magic
   206 | D:5      | Reached XP level 3. HP: 10/26 MP: 0/8
   210 | D:5      | Learned a level 3 spell: Stone Arrow
   219 | D:6      | Noticed Akransas's ghost (novice BaMo)
   250 | D:5      | Reached XP level 4. HP: 33/33 MP: 7/9
   252 | D:5      | Reached skill level 1 in Conjurations
   279 | D:6      | Reached XP level 5. HP: 27/38 MP: 0/10
   320 | D:6      | Found a burning altar of Makhleb.
   321 | D:6      | Noticed a bullfrog
   328 | D:6      | Killed a bullfrog
   329 | D:6      | Reached XP level 6. HP: 42/45 MP: 0/12
   380 | D:6      | Noticed an ogre
   385 | D:6      | Killed an ogre
   386 | D:6      | Reached skill level 6 in Earth Magic
   388 | D:5      | Noticed a black bear
   390 | D:5      | Killed a black bear
   391 | D:5      | Reached XP level 7. HP: 50/50 MP: 2/14
   463 | D:6      | Found a staircase to the Ecumenical Temple.
   486 | D:6      | Found a runed translucent door.
   505 | D:6      | HP: 2/50 [Akransas's ghost (2)]
   506 | D:6      | Succumbed to Akransas's ghost's poison

Illustrated notes

Levels and vault maps discovered:
D:1:      lemuel_arrival_tunnels, layout_loops_ring,
          shapermc_ecumenical_altar_mp_ritualfount
D:2:      minmay_door_path, layout_loops_ring, serial_shops, nicolae_square_shop
D:3:      layout_basic, mainiacjoe_overflow_small_starburst,
          gup_sewer_entry_pipe, biasface_ghost_orc_armoury, st_stairs_8,
          kennysheep_generic_room_13
D:4:      layout_basic, elyvilon_altar_4, gammafunk_ghost_smash
D:5:      layout_loops_ring
D:6:      layout_loops_ring, zin_scriptorium, mainiacjoe_overflow_chevrons,
          minmay_temple_entry_from_below_a, hellmonk_ghost_happy_afterlife,
          uniq_duvessa

Skill      XL: |  1  2  3  4  5  6 |
---------------+-------------------+-----
Earth Magic    | 4 5 6 |  6.3
Spellcasting   | 3 4 |  4.3
Conjurations   | 2 3 4 |  4.7
Dodging        | |  2.4
Stealth        | |  1.4
Transmutations | |  1.2

Action                   |  1- 3 |  4- 6 |  7- 9 || total
-------------------------+-------+-------+-------++-------
Melee: Unarmed           |       |     2 |       ||     2
 Cast: Sandblast         |    15 |    29 |     4 ||    48
       Stone Arrow       |       |     6 |     6 ||    12
  Use: Scroll            |     3 |       |       ||     3
       Potion            |       |       |     1 ||     1
Armor: Robe              |     2 |     5 |       ||     7
Dodge: Dodged            |     7 |    15 |     3 ||    25
